 Dungeon Sprint DCSS version 0.20.1-1-g8b1a95d (webtiles) character file.

6792 suicidejoker the Unseen (level 11, -4/80 HPs)
             Began as an Octopode Assassin on Aug 24, 2017.
             Was the Champion of Cheibriados.
             Slain by a demonic crawler (5 damage)
             ... in the Dungeon (Sprint IV: "Fedhas' Mad Dash").
             The game lasted 00:06:20 (941 turns).

suicidejoker the Unseen (Octopode Assassin)          Turns: 941, Time: 00:06:20

Health: -4/80      AC:  1    Str: 28    XL:     11   Next: 5%
Magic:  15/20      EV: 23    Int: 29    God:    Cheibriados [******]
Gold:   138        SH:  0    Dex: 29    Spells: 13/16 levels left

rFire    . . .     SeeInvis .   a - +2 dagger
rCold    . . .     Gourm    .   (no shield)
rNeg     . . .     Faith    .   (helmet restricted)
rPois    .         Spirit   .   l - amulet of invisibility {+Inv}
rElec    .         Reflect  .   r - ring of flight
rCorr    .         Harm     .   (no ring)
MR       .....     NoTele   +   (no ring)
Stlth    +++++++++.             (no ring)
Regen    0.3/turn               (no ring)
MPRegen  0.2/turn               (no ring)
                                (no ring)
                                (no ring)

@: very slightly contaminated, invisible, very slow
A: almost no armour, stealthy swim, amphibious, 8 rings, constrict 8, camouflage
1, gelatinous body 1
a: Bend Time, Temporal Distortion, Slouch, Step From Time, Renounce Religion,
Evoke Flight


You were in the Dungeon.
You worshipped Cheibriados.
Cheibriados was exalted by your worship.
You were very hungry.

You visited 1 branch You collected 168 gold pieces.
You spent 30 gold pieces at shops.

Inventory:

Hand Weapons
 a - a +2 dagger (weapon)
 b - a +0 blowgun
 t - the +8 storm bow {elec}
   (You took it off a spriggan in the Dungeon)

   It charges the ammunition it shoots with electricity; occasionally upon a
   hit, such missiles may discharge and cause terrible harm.
Missiles
 c - 8 poisoned needles
 d - 2 curare-tipped needles
 u - 14 arrows
Magical Staves
 o - an uncursed staff of earth
Jewellery
 l - the amulet of invisibility (around mantle) {+Inv}
   (You found it in the Dungeon)

   [amulet of nothing]

   It lets you turn invisible.
 r - a ring of flight (left tentacle)
Scrolls
 k - a scroll of blinking
 p - a scroll of remove curse
Potions
 h - a potion of haste
 i - 4 potions of magic
 j - a potion of berserk rage
 m - a potion of resistance {unknown}
Books
 s - a book of Misfortune

   Spells                             Type                      Level
   a - Confusing Touch                Hexes                        1
   b - Confuse                        Hexes                        3
   c - Gell's Gravitas                Translocation                3
   d - Petrify                        Transmutation/Earth          4
   e - Metabolic Englaciation         Hexes/Ice                    5
   f - Yara's Violent Unravelling     Hexes/Transmutation          5
Comestibles
 f - a bread ration
 n - 2 fruits
 q - 3 royal jellies


   Skills:
 + Level 9.4 Fighting
 * Level 12.8 Short Blades
 - Level 2.0 Throwing
 + Level 9.2 Dodging
 * Level 17.7 Stealth
 + Level 3.2 Spellcasting
 + Level 3.5 Hexes
 + Level 3.8 Invocations
 * Level 13.1 Evocations


You had 13 spell levels left.
You knew the following spells:

 Your Spells              Type           Power        Failure   Level  Hunger
a - Confuse               Hex            ###.....     5%          3    ##.....


Dungeon Overview and Level Annotations

Branches:
Dungeon (1/1)

Altars:
Cheibriados
Dithmenos
Elyvilon
Gozag
Hepliaklqana
Kikubaaqudgha
Makhleb
Nemelex Xobeh
Okawaru
Qazlal
Ru
Sif Muna
Trog
Uskayaw
Vehumet
Xom
Yredelemnul
Zin
The Shining One
Beogh
Jiyva
Lugonu

Shops:
D ?(:*(:*=*


Innate Abilities, Weirdness & Mutations

You cannot wear most types of armour.
You are very stealthy in the water. (Stealth+)
You are amphibious.
You can wear up to eight rings at the same time.
You can use your tentacles to constrict eight enemies at once.
Your skin changes colour to match your surroundings (Stealth+).
Your rubbery body absorbs attacks. (AC +1, EV +1)


Message History

The demonic crawler completely misses you.
The demonic crawler misses you. The demonic crawler hits you!
* * * LOW HITPOINT WARNING * * *
The demonic crawler completely misses you.
You feel better. The demonic crawler barely misses you.
The demonic crawler closely misses you. The demonic crawler misses you.
The demonic crawler barely misses you. The demonic crawler hits you!
* * * LOW HITPOINT WARNING * * *
The demonic crawler barely misses you. The demonic crawler misses you. x2
The demonic crawler hits you!
* * * LOW HITPOINT WARNING * * *
You can feel time thicken for a moment.
You kill the hornet!
Cheibriados thoroughly appreciates the change of pace.
You are feeling very hungry.
The demonic crawler hits you!
* * * LOW HITPOINT WARNING * * *
The demonic crawler completely misses you.
The demonic crawler hits you.
You die...

#.†.♣........'...#..._._._
#......♣.....#...#########
#††...♣..♣..######♣♣♣♣♣..♣
##'####'######.)'......♣..
#..#....'.......#♣..♣♣♣.♣)
#..#.)###.......#.♣♣..♣...
##########################
#%%.....s..............#
#∩...P.†P@........)..P.###
#∩..................†P....
#∩....P..............P...#
###########+##############


You could see a demonic crawler and an active ballistomycete.

Vanquished Creatures
  Agnes (D)
  A spriggan berserker (D)
  A spriggan druid (D)
  3 oklob plants (D)
  3 burning bushes (D)
  A queen bee (D)
  3 wandering mushrooms (D)
  2 hornets (D)
  2 scorpions (D)
  4 killer bees (D)
  5 oklob saplings (D)
  A worker ant (D)
  4 spriggans (D)
  A river rat (D)
  A rat (D)
  A ballistomycete spore (D)
34 creatures vanquished.

Vanquished Creatures (others)
  A ballistomycete spore (D)
1 creature vanquished.

Grand Total: 35 creatures vanquished

Notes
Turn   | Place    | Note
-------+----------+-------------------------------------------
     0 | D        | suicidejoker the Octopode Assassin began the quest for the Orb.
     0 | D        | Reached XP level 1. HP: 14/14 MP: 1/1
     8 | D        | Reached skill level 6 in Stealth
     8 | D        | Reached XP level 2. HP: 20/20 MP: 2/2
    17 | D        | Noticed an oklob sapling
    19 | D        | Killed an oklob sapling
    19 | D        | Reached skill level 7 in Stealth
    19 | D        | Reached XP level 3. HP: 26/26 MP: 3/3
    28 | D        | Reached skill level 8 in Stealth
    28 | D        | Reached XP level 4. HP: 31/31 MP: 4/4
    43 | D        | Found an opulent altar of Gozag.
    43 | D        | Found a hazy altar of Hepliaklqana.
    43 | D        | Found a burning altar of Makhleb.
    43 | D        | Found a sparkling altar of Nemelex Xobeh.
    43 | D        | Found a sacrificial altar of Ru.
    43 | D        | Found a deep blue altar of Sif Muna.
    43 | D        | Found a shimmering altar of Xom.
    43 | D        | Found a basalt altar of Yredelemnul.
    44 | D        | Found a viscous altar of Jiyva.
    44 | D        | Found a roughly hewn altar of Beogh.
    44 | D        | Found a snail-covered altar of Cheibriados.
    44 | D        | Found a bloodstained altar of Trog.
    44 | D        | Noticed an oklob sapling priest
    45 | D        | Found an iron altar of Okawaru.
    45 | D        | Found a shadowy altar of Dithmenos.
    45 | D        | Found a glowing silver altar of Zin.
    46 | D        | Found an ancient bone altar of Kikubaaqudgha.
    46 | D        | Found a hide-covered altar of Uskayaw.
    47 | D        | Found a stormy altar of Qazlal.
    47 | D        | Found a white marble altar of Elyvilon.
    47 | D        | Found a glowing golden altar of the Shining One.
    48 | D        | Found a corrupted altar of Lugonu.
    48 | D        | Found a radiant altar of Vehumet.
    51 | D        | Killed an oklob sapling priest
    51 | D        | Reached skill level 5 in Short Blades
    51 | D        | Reached skill level 9 in Stealth
    53 | D        | Became a worshipper of Cheibriados the Contemplative
    64 | D        | Reached XP level 5. HP: 37/37 MP: 5/7
    69 | D        | Reached * piety under Cheibriados
    70 | D        | Reached skill level 10 in Stealth
    77 | D        | Reached XP level 6. HP: 42/45 MP: 6/9
    86 | D        | Found Cim Viun's Antique Weapon Shop.
    86 | D        | Found Hidiy's Assorted Antiques.
    95 | D        | Noticed a burning bush
    95 | D        | Noticed a wandering mushroom
    96 | D        | Noticed a wandering mushroom
    98 | D        | Killed a wandering mushroom
    98 | D        | Reached ** piety under Cheibriados
    98 | D        | Reached skill level 5 in Fighting
    98 | D        | Reached skill level 5 in Dodging
    98 | D        | Reached skill level 11 in Stealth
    98 | D        | Reached XP level 7. HP: 51/51 MP: 9/12
   100 | D        | Killed a wandering mushroom
   100 | D        | Reached skill level 12 in Stealth
   105 | D        | Reached *** piety under Cheibriados
   126 | D        | Killed a burning bush
   126 | D        | Reached skill level 13 in Stealth
   126 | D        | Reached XP level 8. HP: 23/58 MP: 11/14
   308 | D        | Found Aprehin's Jewellery Shoppe.
   309 | D        | Found Cuskek's General Store.
   318 | D        | Bought a scroll of remove curse for 30 gold pieces
   369 | D        | Noticed a queen bee
   374 | D        | Killed a queen bee
   375 | D        | Reached **** piety under Cheibriados
   378 | D        | Reached ***** piety under Cheibriados
   379 | D        | Reached skill level 14 in Stealth
   384 | D        | Noticed an oklob plant
   387 | D        | Killed an oklob plant
   387 | D        | Reached skill level 10 in Short Blades
   387 | D        | Reached skill level 10 in Evocations
   387 | D        | Reached XP level 9. HP: 64/64 MP: 16/16
   472 | D        | Noticed a burning bush
   475 | D        | Killed a burning bush
   486 | D        | Noticed a burning bush
   486 | D        | Noticed an oklob plant
   487 | D        | Noticed a wandering mushroom
   488 | D        | Killed a burning bush
   488 | D        | Reached skill level 15 in Stealth
   493 | D        | Killed an oklob plant
   493 | D        | Reached ****** piety under Cheibriados
   497 | D        | Killed a wandering mushroom
   605 | D        | Noticed a spriggan druid
   608 | D        | Killed a spriggan druid
   608 | D        | Reached skill level 16 in Stealth
   608 | D        | Reached XP level 10. HP: 69/73 MP: 12/18
   645 | D        | Noticed an oklob plant conjurer
   647 | D        | Killed an oklob plant conjurer
   657 | D        | Learned a level 3 spell: Confuse
   787 | D        | Noticed Agnes
   789 | D        | Found Biumius's Book Emporium.
   789 | D        | Noticed a spriggan berserker
   792 | D        | Found Hofa's Assorted Antiques.
   794 | D        | Killed Agnes
   794 | D        | Reached skill level 17 in Stealth
   799 | D        | Killed a spriggan berserker
   802 | D        | Noticed a spriggan rider
   810 | D        | Killed a spriggan rider
   810 | D        | Reached XP level 11. HP: 80/80 MP: 20/20
   928 | D        | Found Naisin's Magic Scroll Shoppe.
   928 | D        | Found Tiaruaso's Antique Weapon Boutique.
   928 | D        | Found Puzumm's Book Emporium.
   941 | D        | HP: 1/80 [demonic crawler (9)]
   941 | D        | Slain by a demonic crawler

Skill      XL: |  1  2  3  4  5  6  7  8  9 10 |
---------------+-------------------------------+-----
Short Blades   | 3 4 5 6 7 9 10 11 12 | 12.8
Stealth        | 6 7 8 9 10 11 13 14 16 17 | 17.7
Fighting       | 3 4 5 6 7 8 9 |  9.4
Dodging        | 2 3 4 5 6 7 8 9 |  9.2
Evocations     | 3 4 6 8 10 11 13 | 13.1
Spellcasting   | 3 |  3.2
Hexes          | 3 |  3.5
Invocations    | 3 |  3.8
Throwing       | |  2.0

Action                   |  1- 3 |  4- 6 |  7- 9 | 10-12 || total
-------------------------+-------+-------+-------+-------++-------
Melee: Dagger            |    10 |    12 |    39 |     7 ||    68
       Tentacles         |     2 |     1 |    10 |     2 ||    15
       Constrict         |     1 |     1 |     1 |       ||     3
Invok: Slouch            |       |       |     1 |     2 ||     3
 Abil: Evoke Invisibilit |       |       |     3 |     3 ||     6
  Use: Potion            |       |       |     1 |     2 ||     3
 Stab: Sleeping          |     3 |     5 |    13 |     5 ||    26
Armor: Skin              |       |       |       |     1 ||     1
Dodge: Dodged            |     6 |     3 |     8 |    24 ||    41
